 Dungeon Crawl Stone Soup version 0.22-a0-402-ga933591 (webtiles) character file.

2436 KristoblXynda the Grappler (level 9, -2/74 HPs)
             Began as a Troll Wizard on May 7, 2018.
             Was an Initiate of Ashenzari.
             Slain by a bullfrog (7 damage)
             ... on level 8 of the Dungeon.
             The game lasted 00:12:30 (5981 turns).

KristoblXynda the Grappler (Troll Wizard)           Turns: 5981, Time: 00:12:30

Health: -2/74      AC:  8    Str: 17    XL:     9   Next: 24%
Magic:  13/20      EV: 11    Int: 17    God:    Ashenzari [......]
Gold:   217        SH:  0    Dex:  8    Spells: 5/12 levels left

rFire    . . .     SeeInvis .     - Unarmed
rCold    . . .     Gourm    +   (no shield)
rNeg     . . .     Faith    .   y - +2 robe {MR+}
rPois    .         Spirit   .   b - +0 hat
rElec    .         Reflect  .   u - +0 cloak
rCorr    .         Harm     .   (gloves unavailable)
MR       +....                  (boots unavailable)
Stlth    +.........             B - amulet of regeneration
HPRegen  1.02/turn              i - +2 ring of evasion (curse)
MPRegen  0.17/turn              z - ring of magical power

@: lethally poisoned (-2 -> -3), drained
A: large, unfitting armour, claws 3, fast metabolism 3, gourmand, regeneration
1, shaggy fur 1, tough skin 2
a: Curse Item, Renounce Religion


You were on level 8 of the Dungeon.
You worshipped Ashenzari.
Ashenzari was noncommittal.
You were very full.

You visited 2 branches of the dungeon, and saw 9 of its levels.

You collected 397 gold pieces.
You spent 180 gold pieces at shops.

Inventory:

Hand Weapons
 n - a +1 whip of freezing
Armour
 b - a +0 hat (worn)
 u - a +0 cloak (worn)
 y - a +2 robe of magic resistance (worn)
Jewellery
 a - a +6 ring of strength
 i - a cursed +2 ring of evasion (left claw)
 q - an uncursed ring of see invisible
 r - an uncursed ring of protection from cold
 z - a ring of magical power (right claw)
 B - an amulet of regeneration (around neck)
Wands
 v - a wand of flame (23)
Scrolls
 e - 6 scrolls of teleportation
 f - 4 scrolls of enchant weapon
 g - 5 scrolls of remove curse
 j - 2 scrolls of amnesia
 k - a scroll of fear
 o - 2 scrolls of blinking
Potions
 c - 2 potions of brilliance
 h - 2 potions of might
 l - 3 potions of flight
 p - a potion of lignification
 s - 4 potions of curing
 t - a potion of heal wounds
Comestibles
 d - 9 rations


   Skills:
 - Level 1.5 Dodging
 - Level 1.0 Stealth
 * Level 8.8(8.7) Unarmed Combat
 - Level 2.0(1.9) Spellcasting
 * Level 6.7 Conjurations
   Level 0.6(0.5) Summonings
   Level 0.6(0.5) Translocations


You had 5 spell levels left.
You knew the following spells:

 Your Spells              Type           Power        Failure   Level  Hunger
a - Magic Dart            Conj           ###.         1%          1    #......
b - Mephitic Cloud        Conj/Pois/Air  #.......     24%         3    ###....
c - Conjure Flame         Conj/Fire      ##......     14%         3    ###....


Dungeon Overview and Level Annotations

Branches:
Dungeon (8/15)             Temple (1/1) D:7
   Lair: D:8-11

Altars:
Ashenzari
Cheibriados
Dithmenos
Elyvilon
Fedhas
Gozag
Hepliaklqana
Kikubaaqudgha
Makhleb
Nemelex Xobeh
Okawaru
Qazlal
Ru
Sif Muna
Trog
Uskayaw
Vehumet
Wu Jian
Xom
Yredelemnul
Zin
The Shining One

Shops:
D:4 =


Innate Abilities, Weirdness & Mutations

You are too large for most types of armour.
You have claws for hands.
Your metabolism is lightning-fast.
You like to eat raw meat.
Your natural rate of healing is unusually fast.
You are covered in fur. (AC +1)
You have very tough skin. (AC +2)


Message History

The bullfrog is lightly wounded.
The bullfrog gives a loud, deep croak!
You feel sick.
You feel sick. The bullfrog hits you.
* * * LOW HITPOINT WARNING * * *
The bullfrog hits you.
* * * LOW HITPOINT WARNING * * *
You scratch the bullfrog.
The bullfrog is moderately wounded.
You feel sick. The bullfrog barely misses you.
You claw the bullfrog!
The bullfrog is almost dead.
The bullfrog hits you.
* * * LOW HITPOINT WARNING * * *
The bullfrog hits you.
* * * LOW HITPOINT WARNING * * *
You closely miss the bullfrog.
The bullfrog is almost dead.
You feel sick. The bullfrog hits you!
You die...

,,******,*,.......<§§#
,,* *,*,#####...###
,,* *,*,* ##.## ***
*,*,* #†# ,,******,*,*
#†# *,,,,,,,,,,* #.#
********,*** #.# *,*
####.# *,* #.F@.# ****
*,* #.#### ,,,* *,*
#,* **,*****,* *,*
*,,,,,,,* *,*
**,******* *,* ,,,*
*,* **,* *,*
*,***********,*


You could see a bullfrog.

Vanquished Creatures
  2 ice beasts
  A sky beast (D:7)
  An orc warrior (D:7)
  8 ogres
  2 centaurs (D:7)
  A bullfrog (D:6)
  The ghost of 4thArraOfDagon the Magician, an amateur SpFE (D:7)
  4 scorpions
  2 killer bees (D:8)
  An electric eel (D:6)
  2 crimson imps
  A howler monkey (D:5)
  4 hounds
  A jelly (D:6)
  4 orc priests
  5 worker ants
  An iguana (D:7)
  4 orc wizards
  2 hound skeletons
  A howler monkey zombie (D:6)
  8 adders
  4 oozes
  An adder skeleton (D:7)
  4 dart slugs
  3 leopard geckos
  18 orcs
  7 bats
  6 giant cockroaches
  6 goblins
  5 hobgoblins
  8 jackals
  A quokka (D:2)
  2 ball pythons
  5 frilled lizards
  9 kobolds
  A quokka skeleton (D:7)
  A quokka zombie (D:6)
  8 rats
145 creatures vanquished.

Notes
Turn   | Place    | Note
-------+----------+-------------------------------------------
     0 | D:1      | KristoblXynda the Troll Wizard began the quest for the Orb.
     0 | D:1      | Reached XP level 1. HP: 16/16 MP: 2/2
   161 | D:1      | Reached skill level 1 in Conjurations
   177 | D:1      | Reached skill level 1 in Unarmed Combat
   268 | D:1      | Reached XP level 2. HP: 24/24 MP: 4/4
   627 | D:1      | Reached XP level 3. HP: 31/31 MP: 5/5
   906 | D:2      | Reached skill level 2 in Unarmed Combat
  1055 | D:2      | Reached XP level 4. HP: 36/39 MP: 6/6
  1262 | D:2      | Found a faded altar of an unknown god.
  2089 | D:3      | Reached skill level 3 in Unarmed Combat
  2182 | D:3      | Reached XP level 5. HP: 42/45 MP: 7/7
  2623 | D:4      | Noticed an ogre
  2630 | D:4      | Killed an ogre
  2630 | D:4      | Reached skill level 4 in Unarmed Combat
  2630 | D:4      | Reached XP level 6. HP: 52/53 MP: 5/8
  2659 | D:4      | Learned a level 3 spell: Mephitic Cloud
  3010 | D:4      | Reached skill level 5 in Unarmed Combat
  3010 | D:4      | Reached XP level 7. HP: 53/59 MP: 9/9
  3045 | D:4      | Found Tiulo's Jewellery Emporium.
  3134 | D:4      | Bought an uncursed ring of see invisible for 180 gold pieces
  3171 | D:4      | Found an iron altar of Okawaru.
  3716 | D:5      | Entered Level 5 of the Dungeon
  3761 | D:5      | Reached skill level 6 in Unarmed Combat
  3864 | D:5      | Reached XP level 8. HP: 57/67 MP: 8/10
  4131 | D:6      | Reached skill level 5 in Conjurations
  4388 | D:6      | Reached skill level 7 in Unarmed Combat
  5009 | D:7      | Found a staircase to the Ecumenical Temple.
  5028 | Temple   | Entered the Ecumenical Temple
  5033 | Temple   | Became a worshipper of Ashenzari the Shackled
  5310 | D:7      | Learned a level 3 spell: Conjure Flame
  5474 | D:7      | Reached skill level 8 in Unarmed Combat
  5628 | D:7      | Reached XP level 9. HP: 23/74 MP: 11/11
  5824 | D:7      | Noticed 4thArraOfDagon's ghost (amateur SpFE)
  5832 | D:7      | Killed 4thArraOfDagon's ghost
  5981 | D:8      | Slain by a bullfrog

Vault maps used:
D:1:      mainiacjoe_arrival_reflecting_pool
D:2:      chequers_ecumenical_altar_lobes
D:4:      kennysheep_mini, first_ration, serial_shops, shop,
          hangedman_decor_riveting, kennysheep_generic_room_12
D:6:      kennysheep_crisscross, hangedman_abyss_or_decor_stagger
D:7:      temple_statues
D:8:      david_nohive_1, grunt_ministairs_8
Temple:   nicolae_temple_the_god_donut

Skill      XL: |  1  2  3  4  5  6  7  8 |
---------------+-------------------------+-----
Conjurations   | 1 2 3 4 6 |  6.7
Unarmed Combat | 1 2 3 4 5 6 8 |  8.8
Dodging        | |  1.5
Stealth        | |  1.0
Spellcasting   | |  2.0
Summonings     | |  0.6
Translocations | |  0.6

Action                   |  1- 3 |  4- 6 |  7- 9 || total
-------------------------+-------+-------+-------++-------
Melee: Unarmed           |   109 |   162 |   208 ||   479
       Punch             |     1 |     4 |     3 ||     8
 Cast: Magic Dart        |       |    11 |    59 ||    70
       Mephitic Cloud    |       |       |     5 ||     5
Invok: Curse Item        |       |       |     1 ||     1
Evoke: Wand              |       |       |     2 ||     2
  Use: Potion            |     1 |     1 |     2 ||     4
       Scroll            |       |     4 |    11 ||    15
 Stab: Sleeping          |     2 |     1 |     1 ||     4
       Confused          |       |       |     2 ||     2
  Eat: Chunk             |    15 |    19 |    28 ||    62
Armor: Robe              |    47 |    44 |    48 ||   139
Dodge: Dodged            |    54 |    90 |    85 ||   229

Table legend:
 A = Spawn XP
 B = Non-spawn XP
 C = Spawn XP percentage of total XP
 D = Spawn monster count
 E = Non-spawn monster count
 F = Spawn count percentage of total count
 G = Total turns spent on level
                    A         B        C        D         E        F      G
               +---------+---------+-------+---------+---------+-------+---------
         Total |       0 |    3480 |   0.0 |       0 |     145 |   0.0 |  5981
               +---------+---------+-------+---------+---------+-------+---------
           D:1 |       0 |      42 |   0.0 |       0 |      19 |   0.0 |   891
           D:2 |       0 |      79 |   0.0 |       0 |      18 |   0.0 |  1033
           D:3 |       0 |     107 |   0.0 |       0 |      33 |   0.0 |   648
           D:4 |       0 |     885 |   0.0 |       0 |      21 |   0.0 |  1144
           D:5 |       0 |     329 |   0.0 |       0 |       8 |   0.0 |   393
           D:6 |       0 |     670 |   0.0 |       0 |      19 |   0.0 |   863
           D:7 |       0 |    1243 |   0.0 |       0 |      25 |   0.0 |   697
           D:8 |       0 |     125 |   0.0 |       0 |       2 |   0.0 |    48
               +---------+---------+-------+---------+---------+-------+---------
